 Dungeon Crawl Stone Soup version 0.27.1-33-g824d729ab1 (webtiles) character file.

Game seed: 15912037370680569563

15 Descartes the Sneak (level 2, -6/14 HPs)
             Began as a Spriggan Wanderer on Nov 26, 2021.
             Mangled by a worm (10 damage)
             ... on level 2 of the Dungeon.
             The game lasted 00:01:36 (1442 turns).

Descartes the Sneak (Spriggan Wanderer)             Turns: 1442, Time: 00:01:37

Health: -6/14      AC:  2    Str: 11    XL:     2   Next: 34%
Magic:  3/3        EV: 15    Int: 11    God:
Gold:   81         SH:  5    Dex: 13    Spells: 1/1 levels left

rFire    . . .     SeeInvis +   a - +0 dagger
rCold    . . .     Faith    .   d - +0 buckler
rNeg     . . .     Spirit   .   e - +0 robe
rPois    .         Reflect  .   (helmet restricted)
rElec    .         Harm     .   (no cloak)
rCorr    .         Rampage  .   (gloves unavailable)
Will     .....                  (boots unavailable)
Stlth    ++........             (no amulet)
HPRegen  0.04/turn              (no ring)
MPRegen  0.08/turn              (no ring)

@: very quick
A: very small, no large weapons, unfitting armour, see invisible, speed 3
a: no special abilities


You were on level 2 of the Dungeon.
You visited 1 branch of the dungeon, and saw 2 of its levels.

You collected 81 gold pieces.

Inventory:

Hand Weapons
 a - a +0 dagger (weapon)
Missiles
 g - 83 stones (quivered)
Armour
 d - a +0 buckler (worn)
 e - a +0 robe (worn)
Scrolls
 f - a scroll of blinking
Potions
 b - a potion of heal wounds
 c - a potion of curing


   Skills:
 - Level 1.5 Fighting
 + Level 0.8 Short Blades
 - Level 1.0 Throwing
 + Level 1.0 Dodging
 + Level 2.2 Stealth
 * Level 1.3 Shields
 - Level 1.5 Unarmed Combat
 - Level 1.5 Summonings
 - Level 1.0 Ice Magic


You had one spell level left.
You didn't know any spells.
Your spell library was empty.

Dungeon Overview and Level Annotations

Branches:
Dungeon (2/15)

Altars:


Innate Abilities, Weirdness & Mutations

You are very small and have problems with some larger weapons.
You are too small for most types of armour.
You have supernaturally acute eyesight. (SInv)
You cover ground extremely quickly. (Speed+++)


Message History

You can't go down here!
There is a stone staircase leading down here.
You climb downwards.
There is a stone staircase leading up here.
The helpless worm fails to defend itself.
You puncture the worm!
The worm is heavily wounded.
The worm bites you!
Ouch! That really hurt!
You are too injured to fight recklessly!
You are too injured to fight recklessly!
You are too injured to fight recklessly!
You are too injured to fight recklessly!
You hit the worm.
The worm is severely wounded.
The worm closely misses you.
You hit the worm.
The worm is severely wounded.
You hit the worm but do no damage.
The worm is severely wounded.
The worm misses you.
You barely miss the worm.
The worm is severely wounded.
You hit the worm but do no damage.
The worm is severely wounded.
The worm misses you.
You hit the worm.
The worm is severely wounded.
You block the worm's attack.
You hit the worm.
The worm is almost dead.
You hit the worm.
The worm is almost dead.
The worm bites you.
* * * LOW HITPOINT WARNING * * *
You hit the worm.
The worm is almost dead.
The worm bites you!
Ouch! That really hurt!
You die...

###########
##.........#
...........#
##.≈.......#
#..≈.......#
...≈.....w.#
...≈....@..#
...≈.......#
#..≈...<...#
###≈#.######
# #. #


You could see a worm.

Vanquished Creatures
  3 bats (D:1)
  2 endoplasms (D:1)
  3 goblins (D:1)
  3 hobgoblins (D:1)
  A kobold (D:1)
12 creatures vanquished.

Notes
Turn   | Place    | Note
-------+----------+-------------------------------------------
     0 | D:1      | Descartes the Spriggan Wanderer began the quest for the
                  | Orb.
     0 | D:1      | Descartes set off with the following items: a +0 dagger, a
                  | potion of heal wounds, a potion of curing, a +0 buckler, a
                  | +0 robe, a scroll of blinking
     0 | D:1      | Reached XP level 1. HP: 10/10 MP: 2/2
   165 | D:1      | Reached skill level 2 in Stealth
   418 | D:1      | Reached XP level 2. HP: 13/14 MP: 3/3
  1076 | D:1      | Reached skill level 1 in Dodging
  1442 | D:2      | Mangled by a worm

Illustrated notes

Levels and vault maps discovered:
D:1:      dpeg_arrival_morbid_curiosity, layout_basic
D:2:      layout_rooms, serial_rivers, chequers_serial_rivers_small_b,
          chequers_serial_rivers_micro_b, chequers_serial_rivers_micro_b,
          chequers_serial_rivers_micro_e, chequers_serial_rivers_marsh,
          minivault_25, grunt_decor_cap, minmay_misc_feat_roman

Skill      XL: |  1  2 |
---------------+-------+-----
Stealth        | 2 |  2.2
Dodging        | 1 |  1.0
Fighting       | |  1.5
Short Blades   | |  0.8
Throwing       | |  1.0
Shields        | |  1.3
Unarmed Combat | |  1.5
Summonings     | |  1.5
Ice Magic      | |  1.0

Action                   || total
-------------------------++-------
Melee: Dagger            ||    79
 Stab: Sleeping          ||     1
Armor: Robe              ||    11
Dodge: Dodged            ||    49
Block: Buckler           ||    24
